 Dungeon Crawl Stone Soup version 0.30-a0-840-ga523dec638 (webtiles) character file.

Game seed: 4199895526966932770

1 demibob the Twirler (level 1, 0/16 HPs)
             Began as a Demonspawn Gladiator on Mar 2, 2023.
             Slain by a gnoll
             ... wielding a +0 flail
              (8 damage)
             ... on level 1 of the Dungeon.
             The game lasted 00:00:38 (44 turns).

demibob the Twirler (Demonspawn Gladiator)            Turns: 44, Time: 00:00:39

Health: 0/16       AC:  4    Str: 14    XL:     1   Next: 16%
Magic:  1/1        EV: 12    Int:  9    God:
Gold:   0          SH:  0    Dex: 14    Spells: 0/0 levels left

rFire   . . .      SeeInvis .    a - +0 quarterstaff
rCold   . . .      Faith    .    (shield currently unavailable)
rNeg    . . .      Spirit   .    b - +0 leather armour
rPois   .          Reflect  .    c - +0 helmet
rElec   .          Harm     .    (no cloak)
rCorr   .          Rampage  .    (no gloves)
Will    .....                    (no boots)
Stlth   +                        (no amulet)
HPRegen 0.22/turn                (no ring)
MPRegen 0.07/turn                (no ring)

@: no status effects
A: no striking features
a: no special abilities


You were on level 1 of the Dungeon.
You visited 1 branch of the dungeon, and saw 1 of its levels.


   Skills:
 - Level 2.0 Fighting
 + Level 2.8 Staves
 - Level 1.7 Throwing
 - Level 2.6 Dodging


You couldn't memorise any spells.
You didn't know any spells.
Your spell library was empty.

Inventory:

Hand Weapons
 a - a +0 quarterstaff (weapon)
Missiles
 d - 3 throwing nets (quivered) {=f}
 e - a javelin
Armour
 b - a +0 leather armour (worn)
 c - a +0 helmet (worn)
Jewellery
 P - a ring of poison resistance

Dungeon Overview and Level Annotations

Branches:
Dungeon (1/15)

Altars:

#.# #.# #.#
#.# #.# #.#
#.#
#.#.########.#
#....Sg@.....#
.##.###.######
.... #.....
###.#.. ......
#.####. #.. .#


You could see a gnoll and a ball python.


Message History

No reachable target in view!
No reachable target in view!
No reachable target in view!
No reachable target in view!
No reachable target in view!
HP restored.
You see here a giant cockroach corpse.
A gnoll comes into view. It is wielding a +0 flail.
The gnoll shouts!
A gnoll is nearby!
A gnoll is nearby!
A ball python comes into view.
The gnoll misses you.
You hit the gnoll.
The gnoll is moderately wounded.
The gnoll misses you.
You closely miss the gnoll.
The gnoll is moderately wounded.
The gnoll barely misses you.
You barely miss the gnoll.
The gnoll is moderately wounded.
The gnoll barely misses you.
You hit the gnoll.
The gnoll is heavily wounded.
The gnoll hits you with a +0 flail!
Ouch! That really hurt!
* * * LOW HITPOINT WARNING * * *
The gnoll hits you with a +0 flail!
Ouch! That really hurt!
You die...

Action                     || total
---------------------------++-------
  Melee: Quarterstaff      ||     5
  Dodge: Dodged            ||     5

Levels and vault maps discovered:
D:1:      arrival_aquarium_a, layout_basic, dreamdust_ecumenical_altar_grove,
          minmay_misc_feat_pillars, chequers_arboretum, st_stairs_12,
          chequers_mini_garden, minmay_pentomino_q2

Notes
Turn   | Place    | Note
-------+----------+-------------------------------------------
     0 | D:1      | demibob the Demonspawn Gladiator began the quest for the
                  | Orb.
     0 | D:1      | Reached XP level 1. HP: 16/16 MP: 1/1
     5 | D:1      | Noticed an electric eel
    44 | D:1      | Slain by a gnoll

Vanquished Creatures
  A giant cockroach (D:1)
1 creature vanquished.

Table legend: (Time is in decaauts)
 A = Elapsed time spent in this place.
 B = Non-inter-level travel time spent in this place.
 C = Inter-level travel time spent in this place.
 D = Time resting spent in this place.
 E = Time spent auto-exploring this place.
 F = Levels seen in this place.
 G = Mean time per level.
                   A        B        C        D        E       F      G
               +--------+--------+--------+--------+--------+-----+--------+
         Total |     44 |     44 |      0 |      0 |     30 |   1 |   44.0 |
       Dungeon |     44 |     44 |      0 |      0 |     30 |   1 |   44.0 |
               +--------+--------+--------+--------+--------+-----+--------+

Top non-repeatable levels by time:
     D:1: 44 daAuts

Table legend:
 A = Non-vault XP
 B = Vault XP
 C = Vault XP percentage of total XP
 D = Non-vault monster count
 E = Vault monster count
 F = Vault count percentage of total count
                 A         B        C        D         E       F
            +---------+---------+-------+---------+---------+-------
      Total |       2 |       0 |   0.0 |       1 |       0 |   0.0
            +---------+---------+-------+---------+---------+-------
        D:1 |       2 |       0 |   0.0 |       1 |       0 |   0.0
            +---------+---------+-------+---------+---------+-------
